 Dungeon Crawl Stone Soup version 0.30-a0-371-gad7725a93e (webtiles) character file.

Game seed: 13350938822593583513

141368 gruber the Warrior (level 16, -6/188 HPs)
             Began as a White Draconian Transmuter on Nov 16, 2022.
             Was an Initiate of Gozag.
             Mangled by a redback (11 damage)
             ... led by a torpor snail
             ... on level 2 of the Spider Nest on Nov 22, 2022.
             The game lasted 01:04:12 (44101 turns).

gruber the Warrior (White Draconian Transmuter)    Turns: 44101, Time: 01:04:12

Health: -6/188     AC: 11    Str: 15    XL:     16   Next: 78%
Magic:  0/30       EV: 12    Int: 21    God:    Gozag
Gold:   4580       SH:  0    Dex: 10    Spells: 15/35 levels left

rFire   . . .      SeeInvis .      - Unarmed
rCold   + + +      Faith    .    (shield currently unavailable)
rNeg    + . .      Spirit   +    (body armour unavailable)
rPois   +          Reflect  .    (helmet currently unavailable)
rElec   +          Harm     .    (cloak currently unavailable)
rCorr   .          Rampage  .    (gloves currently unavailable)
Will    +....                    (boots currently unavailable)
Stlth   +.........               a - amulet of guardian spirit
HPRegen 0.51/turn                O - +4 ring of slaying
MPRegen 0.22/turn                k - ring "Quadod" {rElec rF+ rN+ Str+2}

@: lethally poisoned (-6 -> -11), ice-form, wereblooded, gold aura
A: freezing attack, amphibious, boosted hp, (breathe frost), AC +9, large,
unfitting armour, (cold resistance 1), (cold-blooded), (antennae 1), clumsy 1,
(fire resistance 1), MP-powered wands
a: End Transformation, Renounce Religion, Potion Petition, Call Merchant, Bribe
Branch


You were on level 2 of the Spider Nest.
You worshipped Gozag.
Gozag was most pleased with you.
You were a creature of crystalline ice.
You visited 5 branches of the dungeon, and saw 25 of its levels.
You also visited: Sewer and Ice Cave.

You collected 10267 gold pieces.
You spent 1400 gold pieces at shops.
You paid 4287 gold pieces to Gozag.

Inventory:

Missiles
 e - 32 poisoned darts
 o - a throwing net
Armour
 l - the +3 warlock's mirror (melded) {reflect}
   (You bought it in a shop on level 2 of the Orcish Mines)

   It can block and reflect piercing ranged attacks and magical attacks against
   the wielder's willpower.
 A - a +0 cloak (melded)
 F - a +1 pair of gloves (melded)
 Q - a +2 tower shield of cold resistance
 U - a +2 pair of boots (melded)
Jewellery
 a - an amulet of guardian spirit (around neck)
 k - the ring "Quadod" (right front paw) {rElec rF+ rN+ Str+2}
   (You acquired it on level 15 of the Dungeon)

   [ring of protection from fire]

   Str:       It affects your strength (+2).
   rF:        It protects you from fire.
   rElec:     It insulates you from electricity.
   rN:        It protects you from negative energy.
 z - a ring of see invisible
 N - a ring of positive energy
 O - a +4 ring of slaying (left front paw)
 P - a ring of wizardry
 T - a ring of fire
Wands
 r - a wand of flame (58)
 B - a wand of roots (22)
 H - a wand of paralysis (31)
 L - a wand of mindburst (3)
 M - a wand of polymorph (4)
 R - a wand of quicksilver (10)
Scrolls
 b - 4 scrolls of blinking
 d - a scroll of enchant weapon {unknown}
 f - 9 scrolls of teleportation
 h - 4 scrolls of silence
 i - 2 scrolls of amnesia
 j - 9 scrolls of identify
 p - 4 scrolls of fear
 u - 6 scrolls of fog
 w - 4 scrolls of magic mapping
Potions
 c - 7 potions of curing
 g - 2 potions of cancellation
 n - a potion of invisibility
 q - 3 potions of attraction
 s - 6 potions of lignification
 C - 7 potions of flight
 D - 7 potions of brilliance
 E - 3 potions of berserk rage
 G - 3 potions of ambrosia
 I - 3 potions of haste
 J - 2 potions of magic
 K - 5 potions of heal wounds
 V - 4 potions of might


   Skills:
 - Level 18.0 Fighting
 - Level 0.1 Short Blades
 - Level 0.1 Long Blades
 - Level 0.1 Axes
 - Level 0.1 Maces & Flails
 - Level 0.1 Polearms
 - Level 0.1 Staves
 - Level 0.2 Ranged Weapons
 - Level 9.0 Dodging
 * Level 8.1 Shields
 - Level 14.0 Unarmed Combat
 - Level 10.0 Spellcasting
 - Level 6.0 Conjurations
 - Level 0.4 Hexes
 - Level 0.1 Summonings
 - Level 0.2 Necromancy
 - Level 0.1 Translocations
 - Level 8.1 Transmutations
 - Level 0.1 Fire Magic
 - Level 13.0 Ice Magic
 - Level 6.0 Air Magic
 - Level 0.3 Earth Magic
 - Level 0.2 Invocations


You had 15 spell levels left.
You knew the following spells:

 Your Spells              Type           Power      Damage    Failure   Level
a - Beastly Appendage     Tmut           88%        N/A       1%          1
b - Wereblood             Tmut           44%        N/A       1%          2
c - Spider Form           Tmut/Pois      27%        N/A       3%          3
d - Ice Form              Ice/Tmut       53%        N/A       1%          4
e - Freezing Cloud        Conj/Ice/Air   22%        6-21      6%          5
f - Blade Hands           Tmut           22%        N/A       6%          5

Your spell library contained the following spells:

 Spells                   Type           Power      Damage    Failure   Level
 Magic Dart               Conj           100%       1d8       1%          1
 Ensorcelled Hibernation  Hex/Ice        76%        N/A       1%          2
 Passwall                 Tmut/Erth      23%        N/A       1%          2
 Swiftness                Air            36%        N/A       1%          3
 Momentum Strike          Conj/Tloc      46%        3d9       2%          2
 Mephitic Cloud           Conj/Pois/Air  27%        N/A       3%          3
 Dazzling Flash           Conj/Hex       48%        N/A       5%          3
 Stone Arrow              Conj/Erth      48%        3d10      5%          3
 Vhi's Electric Charge    Tloc/Air       46%        N/A       5%          3
 Ignite Poison            Fire/Tmut/Pois 22%        N/A       6%          3
 Kindle Blastsparks       Fire/Tloc/Air  38%        2d13      9%          3
 Blink                    Tloc           20%        N/A       10%         2
 Call Imp                 Summ           10%        N/A       10%         2
 Tukima's Dance           Hex            12%        N/A       16%         3
 Arcjolt                  Conj/Air       18%        1d28      16%         5
 Portal Projectile        Hex/Tloc       22%        N/A       17%         3
 Fulminant Prism          Conj/Hex       12%        3d8       17%         4
 Gell's Gravitas          Tloc           10%        N/A       19%         3
 Lesser Beckoning         Tloc           20%        N/A       19%         3
 Teleport Other           Tloc           10%        N/A       19%         3
 Iskenderun's Mystic Bla  Conj/Tloc      23%        2d6       19%         4
 Ozocubu's Refrigeration  Ice            30%        4d14      26%         7
 Alistair's Intoxication  Tmut/Pois      18%        N/A       34%         5
 Silence                  Hex/Air        12%        N/A       43%         5
 Olgreb's Toxic Radiance  Pois           10%        N/A       54%         4
 Lee's Rapid Deconstruct  Erth           6%         3d6*      83%         5
 Borgnjor's Vile Clutch   Necr/Erth      5%         N/A       85%         5
 Agony                    Necr           11%        N/A       86%         5
 Eringya's Noxious Bog    Tmut/Pois      13%        N/A       88%         6
 Ignition                 Fire           5%         3d4       100%        8
 Lehudib's Crystal Spear  Conj/Erth      12%        10d4      100%        8
 Maxwell's Capacitive Co  Air            18%        ∞         100%        8
 Polar Vortex             Ice            30%        N/A       100%        9
 Animate Armour           Summ/Erth      Unusable   N/A       N/A         4
 Simulacrum               Ice/Necr       Unusable   N/A       N/A         6

Dungeon Overview and Level Annotations

Branches:
Dungeon (15/15)            Temple (1/1) D:4            Lair (5/5) D:8
 Shoals (0/4) Lair:2       Spider (2/4) Lair:3        Slime (0/5) Lair:5
    Orc (2/2) D:12            Elf (0/3) Orc:2        Vaults (0/5) D:13
 Depths (0/4) D:15          Sewer (visited)           IceCv (visited)

Altars:
Ashenzari
Cheibriados
Dithmenos
Elyvilon
Fedhas
Gozag
Hepliaklqana
Kikubaaqudgha
Makhleb
Nemelex Xobeh
Okawaru
Qazlal
Ru
Sif Muna
Trog
Uskayaw
Vehumet
Wu Jian
Xom
Yredelemnul
Zin
The Shining One
Jiyva
Lugonu

Shops:
D:1 :   D:3 *   D:7 [   D:9 *?:   D:13 *   D:14 =   Orc:2 =![[

Portals:
Abyss: Lair:5

Annotations:
D:3 1 runed translucent door, gabibbone's ghost, weakling AtWr
D:4 3 runed translucent doors, cmoyniez's ghost, weakling HuCK
D:5 1 runed translucent door, mopl's ghost, weakling OpDe
D:8 6 transporters
D:12 3 runed translucent doors, DEFE's ghost, journeyman DsBr
D:13 3 runed translucent doors, gruber's ghost, journeyman OpMo
Lair:1 exclusion: oklob plant


Innate Abilities, Weirdness & Mutations

You are a creature of crystalline ice.
You have a powerful freezing melee attack.
You are amphibious.
Your maximum health is increased.
Your armour is entirely melded.
You are incapable of wielding weapons or throwing items.
((You can breathe waves of freezing cold which knock back foes.))
((Your icy white scales are hard. (AC +9)))
You cannot fit into any form of body armour.
((Your flesh is cold resistant. (rC+)))
((You are cold-blooded and may be slowed by cold attacks.))
((You have a pair of small antennae on your head.))
You are clumsy. (Dex -2)
((Your flesh is heat resistant. (rF+)))
You expend magic power (3 MP) to strengthen your wands.


Message History

The culicivora is distracted by your dazzling golden aura.
The redback is engulfed in freezing vapours.
The redback bites you.
The redback is engulfed in freezing vapours.
The redback bites you!!
The pharaoh ant is engulfed in freezing vapours.
The torpor snail bites you!
* * * LOW HITPOINT WARNING * * *
The culicivora's many legs skitter faintly.
You punch the torpor snail! You freeze the torpor snail.
You feel a bit better.
You kill the torpor snail!
You howl as the wereblood boils in your veins!
You feel yourself speed up.
You feel very sick.
The redback bites you but does no damage.
The redback bites you!
* * * LOW HITPOINT WARNING * * *
The pharaoh ant is engulfed in freezing vapours.
The redback is engulfed in freezing vapours.
The culicivora barely misses you. The redback closely misses you.
The redback is engulfed in freezing vapours.
You kill the redback!
The pharaoh ant is engulfed in freezing vapours.
You destroy the pharaoh ant!
The pharaoh ant binds the souls of nearby monsters. [a] - 135 gold - heal wounds [b] - 575 gold - resistance, invisibility, lignification and might [c] - 648 gold - haste, resistance and brilliance Purchase which effect?
You feel much better.
You feel sick. The culicivora bites you!!
* * * LOW HITPOINT WARNING * * *
The culicivora draws strength from your injuries!
The redback bites you!!
* * * LOW HITPOINT WARNING * * *
The culicivora bites you!
* * * LOW HITPOINT WARNING * * *
The culicivora draws strength from your injuries!
The redback bites you!
You die...
Your body crumbles into a pile of gold.

.### ##.# ###..#
...####.## ##....#
........## #.....# #
#........# #.....# ..
.........###....## ...
###.....###.....# ....
#####....##.....# ##.....
.####^...##..#..##§§☼#
....$....^.###..Ys§§§#
..$.$...#.......s#s☼§#
...............##...!#
................#....#
...............^......#
........#...............
......##.......#.........
.....#......#####........
...........## #.


You could see 2 culicivoras and a redback (berserk, soul bound).

Vanquished Creatures
  A fire giant (D:11)
  A frost giant (D:11)
  An emperor scorpion (Spider:2)
  A war gargoyle (D:11)
  An ironbound preserver (D:13)
  A broodmother (Spider:1)
  Azrael (Orc:2)
  Nessos (D:12)
  A spark wasp (Spider:2)
  A fire dragon (D:15)
  3 entropy weavers
  An entropy weaver (shapeshifter) (Lair:5)
  4 hydras
  2 ogre magi (Orc:2)
  A radroach (Spider:2)
  2 ice dragons
  A catoblepas (Lair:2)
  2 centaur warriors (D:14)
  2 death knights (D:15)
  7 two-headed ogres
  An anaconda (shapeshifter) (Lair:5)
  4 death yaks
  3 tengu warriors
  2 boulder beetles (D:13)
  Urug (D:12)
  3 thrashing horrors (Lair:5)
  A skeletal warrior (D:15)
  Nergalle (Orc:2)
  A large abomination (Lair:5)
  4 pharaoh ants (Spider:2)
  Lodul (D:12)
  A sun moth (Spider:2)
  3 steelbarb worms
  3 orb spiders
  2 orc knights
  Pikel (D:4)
  An oklob plant (Lair:5)
  4 deep elf pyromancers
  10 orc sorcerers
  6 wolf spiders (Spider:1)
  10 ugly things
  8 cyclopes
  9 manticores
  29 elephants
  3 moths of wrath
  A shining eye (shapeshifter) (Lair:5)
  Joseph (D:8)
  13 black mambas
  2 ice statues (IceCv)
  Maurice (D:10)
  Maggie (D:8)
  14 cane toads
  A smoke demon (Lair:5)
  6 torpor snails
  18 komodo dragons
  A kobold demonologist (D:13)
  2 freezing wraiths
  4 rime drakes (IceCv)
  5 demonic crawlers
  5 ancient zymes (Lair:5)
  2 ice devils (D:11)
  7 trolls
  6 meliai (D:13)
  3 polar bears
  2 hornets (D:7)
  32 blink frogs
  Grinder (Sewer)
  16 tarantellas
  10 dream sheep
  18 slime creatures
  3 shadows
  A ynoxinul (Lair:5)
  20 jumping spiders
  12 culicivoras
  3 water elementals
  A spriggan (Lair:5)
  A spriggan (shapeshifter) (D:14)
  3 wyverns
  41 yaks
  A vampire (D:10)
  3 wraiths
  A fire bat (shapeshifter) (Lair:5)
  10 basilisks
  2 steam dragons
  A fire elemental (Orc:2)
  5 vampire mosquitoes
  17 redbacks
  Menkaure (D:6)
  4 acid dragons
  3 wargs
  12 water moccasins
  11 small abominations (Lair:5)
  Duvessa (D:7)
  3 hell hounds (Orc:2)
  17 orc warriors
  A sky beast (D:7)
  An ice beast (D:8)
  3 black bears
  5 boggarts (D:14)
  11 centaurs
  2 wolves (Lair:2)
  10 ogres
  A lemure (D:4)
  2 phantoms
  3 kobold brigands
  25 bullfrogs
  A gnoll sergeant (D:8)
  4 scorpions
  Dowan (D:7)
  14 wights
  6 lindwurm simulacra (IceCv)
  16 killer bees
  10 electric eels
  4 komodo dragon simulacra (IceCv)
  3 jellies
  3 hounds
  2 quasits (Sewer)
  Crazy Yiuf (D:6)
  3 gnoll boudas
  23 orc priests
  An iguana (D:5)
  31 orc wizards
  18 gnolls
  5 adders
  4 acid dragon simulacra (IceCv)
  4 shadow imps (Sewer)
  A white imp (D:5)
  2 ufetubi
  7 steam dragon simulacra (IceCv)
  A worm (D:3)
  A dart slug (D:1)
  86 orcs
  11 ball pythons
  10 endoplasms
  8 giant cockroaches
  12 goblins
  6 hobgoblins
  2 jackals (D:1)
  11 quokkas
  5 bats
  4 frilled lizards
  30 kobolds
  5 rats
  A bush (Lair:4)
917 creatures vanquished.

Vanquished Creatures (others)
  A warg (Orc:2)
  An orc warrior (Orc:2)
  An orc wizard (Orc:2)
  An orc (Orc:1)
  An endoplasm (Sewer)
  67 fungi
  95 plants
167 creatures vanquished.

Grand Total: 1084 creatures vanquished

Notes
Turn   | Place    | Note
-------+----------+-------------------------------------------
     0 | D:1      | gruber the Draconian Transmuter began the quest for the
                  | Orb.
     0 | D:1      | Reached XP level 1. HP: 16/16 MP: 3/3
    93 | D:1      | Reached skill level 2 in Fighting
   140 | D:1      | Reached XP level 2. HP: 25/25 MP: 5/5
   343 | D:1      | Reached skill level 3 in Fighting
   418 | D:1      | Reached XP level 3. HP: 31/31 MP: 6/6
   652 | D:1      | Found Boican's Book Shoppe.
  1022 | D:2      | Found a faded altar of an unknown god.
  1414 | D:2      | Learned a level 2 spell: Wereblood
  1418 | D:2      | Learned a level 3 spell: Spider Form
  1461 | D:2      | Reached skill level 4 in Fighting
  1919 | D:3      | Found a white marble altar of Elyvilon.
  1961 | D:3      | Found a glowing drain.
  1969 | D:3      | Reached XP level 4. HP: 30/40 MP: 7/7
  2051 | Sewer    | Entered a sewer
  2227 | Sewer    | Reached skill level 5 in Fighting
  2287 | Sewer    | Reached XP level 5. HP: 22/48 MP: 8/8
  2409 | Sewer    | Noticed Grinder
  2413 | Sewer    | Paralysed by Grinder for 2 turns
  2421 | Sewer    | Killed Grinder
  2422 | Sewer    | Reached skill level 5 in Unarmed Combat
  2422 | Sewer    | Reached XP level 6. HP: 44/56 MP: 9/9
  2576 | Sewer    | Found a burning altar of Makhleb.
  2989 | D:3      | Found a stormy altar of Qazlal.
  2990 | D:3      | Noticed an air elemental
  2992 | D:3      | Noticed a fire elemental
  2992 | D:3      | Noticed a water elemental
  3081 | D:3      | Found a runed translucent door.
  3086 | D:3      | Noticed gabibbone's ghost (weakling AtWr)
  3119 | D:3      | Found Zin's Purification Station.
  3122 | D:3      | Found a glowing silver altar of Zin.
  3623 | D:4      | Your scales start taking on an icy white colour.
  3623 | D:4      | Reached XP level 7. HP: 28/61 MP: 3/10
  3623 | D:4      | Gained mutation: Your flesh is cold resistant. (rC+) [White
                  | Draconian growth]
  3981 | D:4      | Found a staircase to the Ecumenical Temple.
  3989 | Temple   | Entered the Ecumenical Temple
  4063 | Temple   | Became a worshipper of Gozag Ym Sagoz the Greedy
  4318 | D:4      | Found an iron altar of Okawaru.
  4493 | D:4      | Found a sacrificial altar of Ru.
  4503 | D:4      | Found a runed translucent gate.
  4503 | D:4      | Found a runed translucent gate.
  4503 | D:4      | Found a runed translucent gate.
  4505 | D:4      | Noticed cmoyniez's ghost (weakling HuCK)
  4744 | D:5      | Entered Level 5 of the Dungeon
  4744 | D:5      | Noticed Pikel
  4958 | D:4      | Killed Pikel
  4959 | D:4      | Reached skill level 5 in Transmutations
  4959 | D:4      | Reached XP level 8. HP: 38/68 MP: 1/11
  5219 | D:5      | Found a blossoming altar of Fedhas.
  5646 | D:5      | Learned a level 4 spell: Ice Form
  5666 | D:5      | Found a runed translucent door.
  5679 | D:5      | Reached skill level 1 in Ice Magic
  5739 | D:5      | Noticed mopl's ghost (weakling OpDe)
  6785 | D:6      | Reached XP level 9. HP: 63/74 MP: 10/12
  6844 | D:6      | Reached skill level 5 in Ice Magic
  7409 | D:6      | Noticed Menkaure
  7416 | D:6      | Killed Menkaure
  7417 | D:6      | Reached skill level 6 in Fighting
  7576 | D:6      | Found a runed translucent door.
  7577 | D:6      | Noticed Crazy Yiuf
  7727 | D:6      | Killed Crazy Yiuf
  8065 | D:7      | Found Xisoipp's Antique Armour Boutique.
  8113 | D:7      | Reached skill level 7 in Fighting
  8366 | D:7      | Reached skill level 8 in Fighting
  8552 | D:7      | Found a glowing golden altar of the Shining One.
  8703 | D:7      | Noticed Dowan
  8708 | D:7      | Reached skill level 9 in Fighting
  8722 | D:7      | Killed Dowan
  8743 | D:7      | Noticed Duvessa
  8764 | D:7      | Killed Duvessa
  9096 | D:7      | Reached skill level 10 in Fighting
  9098 | D:7      | Reached XP level 10. HP: 93/93 MP: 6/13
 10022 | D:8      | Found a transporter.
 10022 | D:8      | Found a transporter.
 10212 | D:8      | Found a transporter.
 10414 | D:8      | Noticed Joseph
 10419 | D:8      | Paralysed by Joseph for 5 turns
 10507 | D:8      | Killed Joseph
 10537 | D:8      | Reached skill level 10 in Unarmed Combat
 10537 | D:8      | Found a staircase to the Lair.
 10700 | D:8      | Found a transporter.
 10993 | D:8      | Noticed Maggie
 11004 | D:8      | Killed Maggie
 11005 | D:8      | Found a transporter.
 11052 | D:8      | Found a transporter.
 11666 | D:9      | Found Dolexkix's Book Shop.
 11769 | D:9      | Reached XP level 11. HP: 101/101 MP: 8/14
 11845 | D:9      | Found Quzawnois's Magic Scroll Boutique.
 11865 | D:9      | Found Ukeomist's General Store.
 12403 | D:10     | Entered Level 10 of the Dungeon
 12428 | D:10     | Noticed Maurice
 12449 | D:10     | Reached skill level 5 in Dodging
 12454 | D:10     | Noticed a two-headed ogre
 12457 | D:10     | Killed Maurice
 12726 | D:10     | Killed a two-headed ogre
 13305 | D:10     | Identified the +1 ring mail "Hiqiz" {rF+ Str+3 Int+6}
 13390 | D:10     | Found a shadowy altar of Dithmenos.
 13649 | D:11     | Noticed a two-headed ogre
 13661 | D:11     | Killed a two-headed ogre
 13795 | D:11     | Found a frozen archway.
 13855 | IceCv    | Entered an ice cave
 14415 | IceCv    | Noticed an ice dragon
 14435 | IceCv    | Killed an ice dragon
 15031 | D:11     | Reached skill level 11 in Fighting
 15055 | D:11     | Reached XP level 12. HP: 51/110 MP: 9/18
 15433 | D:11     | Noticed a two-headed ogre
 15440 | D:11     | Killed a two-headed ogre
 15608 | D:11     | Reached skill level 12 in Fighting
 15875 | D:11     | Noticed a fire giant
 15875 | D:11     | Noticed a war gargoyle
 15875 | D:11     | Noticed a two-headed ogre
 15893 | D:11     | Killed a fire giant
 15894 | D:11     | Noticed a frost giant
 15900 | D:11     | Killed a war gargoyle
 15901 | D:11     | Noticed a tengu warrior
 15910 | D:11     | Killed a frost giant
 15915 | D:11     | Killed a tengu warrior
 15916 | D:11     | HP: 2/112 [manticore/volley of spikes (6)]
 15922 | D:11     | Killed a two-headed ogre
 15924 | D:11     | Reached skill level 10 in Ice Magic
 16592 | Lair:1   | Entered Level 1 of the Lair of Beasts
 16595 | Lair:1   | Noticed a death yak
 16595 | Lair:1   | Noticed a death yak
 16601 | Lair:1   | Noticed a death yak
 16601 | Lair:1   | Noticed a death yak
 16610 | D:8      | Killed a death yak
 16653 | D:8      | Learned a level 5 spell: Freezing Cloud
 16686 | D:7      | Killed a death yak
 16914 | D:8      | Killed a death yak
 17050 | Lair:1   | Killed a death yak
 17826 | Lair:1   | Reached XP level 13. HP: 96/118 MP: 15/19
 18100 | Lair:1   | Reached skill level 5 in Spellcasting
 20449 | Lair:2   | Found a staircase to the Shoals.
 20459 | Lair:2   | Reached skill level 1 in Conjurations
 20889 | Lair:2   | Reached skill level 5 in Conjurations
 20908 | Lair:2   | Reached skill level 1 in Air Magic
 21658 | Lair:2   | Reached skill level 5 in Air Magic
 22619 | Lair:3   | Found a hole to the Spider Nest.
 22817 | Lair:3   | Reached XP level 14. HP: 120/126 MP: 20/26
 24759 | Lair:4   | Reached skill level 10 in Spellcasting
 25877 | Lair:5   | Entered Level 5 of the Lair of Beasts
 25901 | Lair:5   | Reached skill level 13 in Fighting
 26335 | Lair:5   | Gained mutation: You are dopey. (Int -2) [a shining eye]
 26336 | Lair:5   | Gained mutation: You sometimes lose your temper in combat.
                  | [a shining eye]
 26472 | Lair:5   | Reached skill level 14 in Fighting
 27374 | Lair:5   | Reached skill level 15 in Fighting
 27594 | Lair:5   | Found a staircase to the Slime Pits.
 27594 | Lair:5   | Found a viscous altar of Jiyva.
 27966 | Lair:5   | Reached XP level 15. HP: 141/141 MP: 26/29
 27983 | Lair:5   | Found a corrupted altar of Lugonu.
 27983 | Lair:5   | Found a one-way gate to the infinite horrors of the Abyss.
 28691 | D:12     | Found a staircase to the Orcish Mines.
 28716 | D:12     | Noticed Nessos
 28911 | D:12     | Killed Nessos
 29175 | D:12     | Reached skill level 16 in Fighting
 29406 | D:12     | Noticed Lodul
 29413 | D:12     | Killed Lodul
 29594 | D:12     | Noticed Urug
 29608 | D:12     | Killed Urug
 29848 | D:12     | Found a runed translucent gate.
 29857 | D:12     | Found a runed translucent gate.
 29857 | D:12     | Found a runed translucent gate.
 29861 | D:12     | Noticed DEFE's ghost (journeyman DsBr)
 29908 | D:12     | Lost mutation: You sometimes lose your temper in combat.
                  | [potion of mutation]
 29908 | D:12     | Lost mutation: You are dopey. (Int -2) [potion of mutation]
 29908 | D:12     | Gained mutation: Your flesh is heat resistant. (rF+)
                  | [potion of mutation]
 29908 | D:12     | Gained mutation: You are clumsy. (Dex -2) [potion of
                  | mutation]
 29908 | D:12     | Gained mutation: You have a pair of small antennae on your
                  | head. [potion of mutation]
 29908 | D:12     | Gained mutation: You expend magic power (3 MP) to
                  | strengthen your wands. [potion of mutation]
 31101 | D:13     | Found a runed translucent gate.
 31101 | D:13     | Found a runed translucent gate.
 31101 | D:13     | Found a runed translucent gate.
 31101 | D:13     | Found an opulent altar of Gozag.
 31104 | D:13     | Found Orosch's Assorted Antiques.
 31104 | D:13     | Noticed gruber's ghost (journeyman OpMo)
 31195 | D:13     | Found a gate to the Vaults.
 31203 | D:13     | Reached skill level 17 in Fighting
 32842 | D:14     | Identified the +3 pair of boots "Seis" {Dex+3}
 33084 | D:14     | Found Gefob's Jewellery Shoppe.
 33103 | D:14     | Identified the +6 great sword of Subterfuge {pain, rElec
                  | Str-2 SInv}
 33428 | D:14     | Reached skill level 18 in Fighting
 33588 | D:14     | Identified the +9 short sword of the Gnashing Dove {elec,
                  | *Rage rElec Str+10}
 35703 | D:15     | Entered Level 15 of the Dungeon
 35704 | D:15     | Identified a scroll of acquirement
 35704 | D:15     | Acquired the ring "Quadod" {rElec rF+ rN+ Str+2}
 36424 | D:15     | Learned a level 5 spell: Blade Hands
 36968 | D:15     | Found a staircase to the Depths.
 37325 | D:15     | Upgraded the game from 0.30-a0-365-ge7f957f1db to
                  | 0.30-a0-371-gad7725a93e
 37650 | Orc:1    | Entered Level 1 of the Orcish Mines
 38231 | Orc:2    | Entered Level 2 of the Orcish Mines
 38270 | Orc:2    | Reached XP level 16. HP: 157/157 MP: 24/30
 38466 | Orc:2    | Noticed Azrael
 38478 | Orc:2    | Killed Azrael
 38572 | Orc:2    | Found a staircase to the Elven Halls.
 39044 | Orc:2    | Found Hixkatocur's Jewellery Boutique.
 39044 | Orc:2    | Found a radiant altar of Vehumet.
 39254 | Orc:2    | Noticed Nergalle
 39257 | Orc:2    | Found an ancient bone altar of Kikubaaqudgha.
 39265 | Orc:2    | Killed Nergalle
 39414 | Orc:2    | Found Pinong's Antique Armour Shop.
 39475 | Orc:2    | Found Kufeni's Antique Armour Boutique.
 39483 | Orc:2    | Bought the +3 warlock's mirror {reflect} for 1400 gold
                  | pieces
 39483 | Orc:2    | Found the +3 warlock's mirror {reflect}
 39511 | Orc:2    | Found Waatawka's Distillery.
 40176 | Spider:1 | Entered Level 1 of the Spider Nest
 40980 | Spider:1 | Reached skill level 1 in Shields
 42566 | Spider:2 | Reached skill level 5 in Shields
 44101 | Spider:2 | HP: 5/188 [culicivora (13)]
 44101 | Spider:2 | Mangled by a redback

Illustrated notes

Levels and vault maps discovered:
D:1:      minmay_arrival_radiant_lines, layout_loops_ring, serial_shops, shop
D:2:      layout_loops_corners, serial_forest, infiniplex_forest_end_1,
          infiniplex_forest_clump_double, infiniplex_forest_end_2,
          infiniplex_forest_clump_small, infiniplex_forest_lined_3_way,
          infiniplex_forest_clump_large, shapermc_ecumenical_altar_petra
D:3:      layout_basic, zin_purify, nicolae_qazlal_style_of_elements,
          mainiacjoe_overflow_brackets, portal_sewer_entry_f,
          ebering_ghost_inner_flame
D:4:      layout_basic, mainiacjoe_overflow_alcove_1,
          mainiacjoe_overflow_catwalk, minmay_temple_entry_wispy,
          gammafunk_ghost_nasty_kobolds
D:5:      layout_cave_pods, fedhas_bush_and_centaur_altar,
          ebering_ghost_sewer_d, uniq_pikel
D:6:      layout_loops_corners, uniq_crazy_yiuf_cottage, uniq_menkaure
D:7:      layout_basic, mainiacjoe_overflow_paths, enter_bailey_6, serial_shops,
          shop, uniq_duvessa
D:8:      layout_rooms, due_lair_maze_entry_diamond, minmay_liquid_box,
          serial_nicolae_subway, nicolae_sub_station_stone,
          nicolae_sub_station_crystal, nicolae_sub_station_metal, uniq_maggie,
          uniq_joseph
D:9:      layout_roguey, serial_shops, nicolae_shop_waterfront,
          nicolae_shop_crystal, nicolae_shop_competitors_out_of_business
D:10:     layout_loops_ring, old_standard_altar, uniq_maurice
D:11:     minmay_glassy_protrusions, layout_loops_ring,
          portal_ice_cave_demonic_guard
D:12:     layout_roguey, erik_orc_4, gammafunk_ghost_spectres, uniq_nessos,
          uniq_urug, uniq_lodul
D:13:     layout_basic, skrybe_vaults_entry_preservation, ebering_ghost_gozag
D:14:     layout_long_grid, serial_shops, shop, kennysheep_dice
D:15:     grunt_enter_depths_hoard, layout_stronghold,
          hangedman_decor_peaks_small, minmay_misc_feat_more_columns
Temple:   nicolae_temple_ecumenical_triangle
Lair:1:   layout_gridlike, grunt_megastairs_4, infiniplex_staircase_pool_2,
          serial_bayou_shore_a
Lair:2:   nzn_winding_woodlands_huge [nzn_winding_woodlands_5x15_parted,
          nzn_winding_woodlands_5x15_cabin, nzn_winding_woodlands_5x15_default,
          nzn_winding_woodlands_5x15_sawtooth,
          nzn_winding_woodlands_5x15_concentric, nzn_winding_woodlands_5x15_eye,
          nzn_winding_woodlands_5x15_jagged,
          nzn_winding_woodlands_5x15_lazy_stream,
          nzn_winding_woodlands_5x15_twine,
          nzn_winding_woodlands_5x15_river_crossing,
          nzn_winding_woodlands_center_triple_pond,
          nzn_winding_woodlands_center_pierced_h,
          nzn_winding_woodlands_15x15_killbox], layout_chaotic_city,
          elwin_shoals_entry_rocks
Lair:3:   layout_regular_city, nicolae_spider_entry_tight_spaces
Lair:4:   layout_cave_pods, lemuel_fruit_fields
Lair:5:   hellmonk_lair_end_abyssal_woods, layout_small_grid, slime_entry_1,
          grunt_megastairs_3
Spider:1: layout_spider_delve
Spider:2: layout_chambers, hellmonk_motheaten_closet
Orc:1:    layout_diamond_mine
Orc:2:    kennysheep_orc_mage_school, layout_diamond_mine, basic_altar,
          uniq_azrael

Skill      XL: |  1  2  3  4  5  6  7  8  9 10 11 12 13 14 15 16 |
---------------+-------------------------------------------------+-----
Fighting       | 2 3 4 5 10 11 12 15 18 | 18.0
Unarmed Combat | 5 6 7 11 13 14 | 14.0
Dodging        | 4 7 9 |  9.0
Transmutations | 5 6 8 |  8.1
Ice Magic      | 4 5 13 | 13.0
Spellcasting   | 4 8 10 | 10.0
Conjurations   | 5 6 |  6.0
Air Magic      | 6 |  6.0
Shields        | 8 |  8.1
Short Blades   | |  0.1
Long Blades    | |  0.1
Axes           | |  0.1
Maces & Flails | |  0.1
Polearms       | |  0.1
Staves         | |  0.1
Ranged Weapons | |  0.2
Hexes          | |  0.4
Summonings     | |  0.1
Necromancy     | |  0.2
Translocations | |  0.1
Fire Magic     | |  0.1
Earth Magic    | |  0.3
Invocations    | |  0.2

Action                   |  1- 3 |  4- 6 |  7- 9 | 10-12 | 13-15 | 16-18 || total
-------------------------+-------+-------+-------+-------+-------+-------++-------
Melee: Unarmed           |   187 |   189 |   365 |   653 |   951 |   339 ||  2684
       Kick              |     9 |    20 |     7 |       |     2 |     1 ||    39
       Tailslap          |    19 |    18 |     9 |    10 |    16 |    40 ||   112
       Punch             |     1 |     1 |     5 |     3 |    11 |     9 ||    30
       Headbutt          |     4 |    17 |    11 |       |       |       ||    32
 Cast: Beastly Appendage |    12 |    18 |     8 |       |     2 |     2 ||    42
       Spider Form       |       |     1 |    24 |    29 |    10 |       ||    64
       Wereblood         |       |       |     2 |     1 |    27 |    18 ||    48
       Ice Form          |       |       |     8 |    31 |    79 |    18 ||   136
       Freezing Cloud    |       |       |       |       |    45 |    38 ||    83
       Blade Hands       |       |       |       |       |     5 |    20 ||    25
Invok: Potion Petition   |       |       |       |     3 |     5 |     2 ||    10
 Abil: Breathe Frost     |       |       |     9 |     4 |     3 |     2 ||    18
       End Transformatio |       |       |     1 |       |       |       ||     1
  Use: Potion            |       |     1 |       |       |     1 |       ||     2
       Scroll            |       |       |       |       |    27 |       ||    27
 Stab: Distracted        |       |       |       |     1 |     4 |     1 ||     6
Armor: Skin              |    61 |   112 |    51 |   132 |   373 |   135 ||   864
Dodge: Dodged            |   130 |   140 |   350 |   476 |   523 |   224 ||  1843
Block: Buckler           |       |       |       |       |       |     6 ||     6

Table legend: (Time is in decaauts)
 A = Elapsed time spent in this place.
 B = Non-inter-level travel time spent in this place.
 C = Inter-level travel time spent in this place.
 D = Time resting spent in this place.
 E = Time spent auto-exploring this place.
 F = Levels seen in this place.
 G = Mean time per level.
                   A        B        C        D        E       F      G
               +--------+--------+--------+--------+--------+-----+--------+
         Total |  43778 |  42078 |   1700 |   2290 |  33746 |  27 | 1621.4 |
       Dungeon |  24299 |  22967 |   1332 |   1531 |  18415 |  15 | 1619.9 |
        Temple |     83 |     74 |      9 |      0 |     23 |   1 |   83.0 |
          Lair |  11628 |  11353 |    275 |    319 |   9538 |   5 | 2325.6 |
   Spider Nest |   3617 |   3569 |     48 |    306 |   2643 |   2 | 1808.5 |
  Orcish Mines |   2305 |   2271 |     34 |     11 |   1885 |   2 | 1152.5 |
         Sewer |    779 |    779 |      0 |     19 |    493 |   1 |  779.0 |
      Ice Cave |   1064 |   1064 |      0 |    103 |    748 |   1 | 1064.0 |
               +--------+--------+--------+--------+--------+-----+--------+

Top non-repeatable levels by time:
    D:13: 3639 daAuts
  Lair:1: 3024 daAuts
  Lair:5: 2629 daAuts
     D:7: 2468 daAuts
  Lair:2: 2341 daAuts
Spider:1: 2248 daAuts
  Lair:3: 1852 daAuts
    D:11: 1830 daAuts
  Lair:4: 1779 daAuts
    D:12: 1751 daAuts
    D:14: 1750 daAuts
   Orc:2: 1703 daAuts
    D:15: 1671 daAuts
     D:8: 1621 daAuts
     D:6: 1544 daAuts
